Map: 虚空撕裂

Players

小狼啊小狼啊

  • Race: Terran Terran
  • Spawn Location: 9:00

邀月

  • Race: Protoss Protoss
  • League: Master
  • Spawn Location: 6:00

VOD

Have the link to the VOD?

Description

Time

  • Played on: Feb. 28, 2018, 4:07 a.m.
  • Length: 14:06
Show
View Real Time Build Order
Export as new Build Order

小狼啊小狼啊 Terran 

Build Orders:  

Get SALT Encoding   

Show
View Real Time Build Order
Export as new Build Order

邀月 Protoss 

Build Orders:  

Get SALT Encoding   

  12  0:03  Probe (Chrono Boost)  
  13  0:21  Probe (Chrono Boost)  
  13  0:28  Pylon  
  14  0:33  Probe (Chrono Boost)  
  15  0:44  Probe (Chrono Boost)  
  15  0:47  Assimilator  
  16  0:55  Gateway  
  16  1:01  Probe (Chrono Boost)  
  17  1:13  Probe (Chrono Boost)  
  17  1:14  Assimilator  
  18  1:25  Probe (Chrono Boost)  
  18  1:29  Forge  
  19  1:37  Probe (Chrono Boost)  
  20  1:49  Probe (Chrono Boost)  
  21  1:53  Legionnaire  
  21  1:56  Purifier Armaments  
  21  2:03  Kaldalis' A.I. Personality  
  24  2:29  Probe (Chrono Boost)  
  25  2:36  Robotics Facility  
  25  2:43  Robotics Bay  
  25  3:26  Nexus  
  25  3:30  Colossus  
  26  3:43  Probe (Chrono Boost)  
  33  4:02  Probe (Chrono Boost)  
  33  4:10  Observation Protocol  
  33  4:12  Warbringer's A.I. Personality  
  34  4:30  Probe (Chrono Boost)  
  34  4:33  Immortal  
  34  4:47  Probe (Chrono Boost)  
  39  5:07  Probe (Chrono Boost)  
  41  5:11  Pylon  
  41  5:12  Stargate, Taldarin's A.I. Personality  
  41  5:13  Probe (Chrono Boost)  
  41  5:21  Probe (Chrono Boost)  
  42  5:46  Fleet Beacon  
  42  5:47  Purification Blast  
  42  5:54  Probe (Chrono Boost)  
  37  6:00  Probe (Chrono Boost)  
  44  6:06  Probe (Chrono Boost)  
  45  6:15  Scout  
  48  6:48  Legionnaire  
  48  6:56  Probe (Chrono Boost)  
  50  7:01  Probe (Chrono Boost)  
  50  7:03  Carrier  
  50  7:06  Pylon  
  50  7:07  Pylon  
  50  7:08  Probe (Chrono Boost)  
  57  7:18  Probe (Chrono Boost)  
  58  7:26  Mojo's A.I. Personality  
  58  7:29  Pylon  
  58  7:31  Immortal  
  58  7:36  Cybernetics Core  
  58  7:38  Probe (Chrono Boost)  
  64  7:43  Probe (Chrono Boost)  
  64  8:14  Clolarion's A.I. Personality  
  61  8:22  Robotics Facility  
  61  8:24  Stargate  
  61  8:31  Legionnaire  
  61  8:36  Observer  
  65  8:47  Gravimetric Overload  
  62  8:55  Warp Gate  
  62  9:03  Scout  
  62  9:07  Immortal  
  69  9:14  Twilight Council  
  69  9:36  Immortal  
  69  9:38  Scout x2  
  72  10:02  Immortal  
  72  10:04  Empowered Blades  
  75  10:14  Scout x2  
  75  10:17  Robotics Bay  
  75  10:19  Gateway  
  81  10:23  Gateway  
  81  10:24  Talis' A.I. Personality  
  81  10:29  Combat Sensor Array  
  81  10:31  Immortal  
  84  10:46  Psionic Projection  
  84  10:59  Immortal  
  88  11:13  Gateway  
  88  11:15  Suppression Procedure  
  88  11:17  Gateway  
  88  11:49  Gateway  
  88  11:52  Gateway  
  88  12:17  Scout x2  
  88  12:22  Immortal  
  88  12:23  Immortal  
  88  12:24  Debilitation System  
  89  12:31  Pylon  
  89  12:33  Pylon  
  89  12:36  Pylon  
  89  12:39  Conservator  
  84  12:41  Legionnaire x2  
  86  12:56  Scout  
  79  13:05  Legionnaire x2  
  82  13:19  Legionnaire  
  84  13:25  Adept x3  
  87  13:30  Legionnaire x3  
Tags
 
Commander
FenixRaynor
League
Master
Matchup
Co-op
Replay Pack
Co-op Speedrun
Add a new tag
Caveats
  • Supply blocks, unpowered buildings, or Contaminate may cause inaccurate times.
  • Supply counts are checked every 10 seconds.